 Dungeon Crawl Stone Soup version 0.23.2-33-g5129a83184 (webtiles) character file.

Game seed: 5875839220500731698

19511 deorigin the Carver (level 13, -1/103 HPs)
             Began as a Formicid Fighter on July 1, 2019.
             Was an Elder of Zin.
             Killed by divine providence
             ... invoked by an orc priest
              (10 damage)
             ... on level 11 of the Dungeon.
             The game lasted 00:40:27 (16069 turns).

deorigin the Carver (Formicid Fighter)             Turns: 16069, Time: 00:40:27

Health: -1/103     AC: 17    Str: 26    XL:     13   Next: 5%
Magic:  17/17      EV:  8    Int:  8    God:    Zin [****..]
Gold:   272        SH: 17    Dex: 10    Spells: 12/12 levels left

rFire    . . .     SeeInvis +   X - +1 triple sword (slice)
rCold    + + .     Gourm    .   c - +1 shield
rNeg     . . .     Faith    .   q - +1 chain mail {rC+}
rPois    .         Spirit   .   (helmet unavailable)
rElec    .         Reflect  +   H - +2 cloak
rCorr    .         Harm     .   (no gloves)
MR       +....                  k - +0 pair of boots
Stlth    ..........             e - +4 amulet of reflection
HPRegen  0.27/turn              j - ring of protection from cold
MPRegen  0.15/turn              C - ring of wizardry

@: no status effects
A: permanent stasis, dig shafts and tunnels, four strong arms, antennae 3,
screaming 1
a: Dig, Shaft Self, Recite, Vitalisation, Imprison, Donate Gold, Renounce
Religion


You were on level 11 of the Dungeon.
You worshipped Zin.
Zin was greatly pleased with you.
You were very hungry.

You visited 2 branches of the dungeon, and saw 13 of its levels.
You also visited: Sewer and Bailey.

You collected 503 gold pieces.
You donated 231 gold pieces to Zin.

Inventory:

Hand Weapons
 a - a +2 long sword
 g - a +2 dagger of venom
 s - a +3 blowgun
 B - a +1 dagger of venom
 E - a +4 dagger of distortion
 O - a +1 hand axe of flaming
 Q - a +2 dagger of electrocution
 V - a +1 dire flail of crushing
 X - a +1 triple sword of slicing (weapon)
Missiles
 r - 107 bolts
 t - 61 poisoned needles
 F - 7 tomahawks (quivered)
 R - 8 javelins
 Y - 6 javelins of penetration
 Z - 2 throwing nets
Armour
 b - a +0 scale mail
 c - a +1 shield (worn)
 d - a +1 buckler of positive energy
 k - a +0 pair of boots (worn)
 q - a +1 chain mail of cold resistance (worn)
 G - a +0 cloak
 H - a +2 cloak (worn)
 M - a +0 plate armour
Jewellery
 e - a +4 amulet of reflection (around neck)
 j - a ring of protection from cold (left hand)
 y - an uncursed amulet of faith
 C - a ring of wizardry (right hand)
 S - an uncursed ring of flight
Wands
 I - a wand of disintegration (15)
 P - a wand of polymorph (12)
Scrolls
 l - 8 scrolls of remove curse
 u - 2 scrolls of enchant armour
 v - 9 scrolls of teleportation
 x - 2 scrolls of magic mapping
 z - 2 scrolls of amnesia
 A - 3 scrolls of fear
 J - 6 scrolls of blinking {unknown}
 L - 2 scrolls of vulnerability
 T - 2 scrolls of fog
Potions
 h - 5 potions of flight
 i - 2 potions of curing
 m - a potion of invisibility {unknown}
 o - a potion of magic
 p - 8 potions of heal wounds
 D - 2 potions of lignification
 K - 2 potions of brilliance
 N - 2 potions of cancellation
 W - a potion of might
Miscellaneous
 U - a phantom mirror
Comestibles
 f - 24 rations


   Skills:
 - Level 10.0 Fighting
 - Level 14.0 Long Blades
 + Level 9.1 Armour
 - Level 0.1 Dodging
 - Level 10.3 Shields
 - Level 6.2 Invocations


You had 12 spell levels left.
You didn't know any spells.
Your spell library contained the following spells:

 Spells                   Type           Power        Failure   Level  Hunger
 Animate Skeleton         Necr           N/A          61%         1    ##.....
 Infusion                 Chrm           #...         61%         1    ##.....
 Pain                     Necr           #...         61%         1    ##.....
 Passwall                 Tmut/Erth      #.......     75%         2    ###....
 Shroud of Golubria       Chrm/Tloc      #.........   75%         2    ###....
 Song of Slaying          Chrm           #.......     75%         2    ###....
 Lesser Beckoning         Tloc           #.........   91%         3    ####...
 Regeneration             Chrm/Necr      #.........   91%         3    ####...
 Spectral Weapon          Hex/Chrm       #.......     91%         3    ####...
 Teleport Other           Tloc           #.......     91%         3    ####...
 Vampiric Draining        Necr           #.........   91%         3    ####...
 Animate Dead             Necr           N/A          100%        4    #####..
 Petrify                  Tmut/Erth      #.......     100%        4    #####..
 Disjunction              Tloc           #.........   100%        8    #######


Dungeon Overview and Level Annotations

Branches:
Dungeon (12/15)            Temple (1/1) D:4            Lair (0/6) D:8
    Orc (0/2) D:9

Altars:
Ashenzari
Cheibriados
Dithmenos
Elyvilon
Fedhas
Gozag
Hepliaklqana
Kikubaaqudgha
Makhleb
Nemelex Xobeh
Okawaru
Qazlal
Ru
Sif Muna
Trog
Uskayaw
Vehumet
Wu Jian
Xom
Yredelemnul
Zin
The Shining One


Innate Abilities, Weirdness & Mutations

You cannot be hasted, slowed, berserked, paralysed or teleported.
You can dig through walls and to a lower floor.
Your four strong arms can wield two-handed weapons with a shield.
You have a pair of large antennae on your head. (SInv)
You occasionally shout uncontrollably at your foes.


Message History

You block the centaur zombie's attack.
Things that are here:
a stone; a +0 short sword You see here a +0 hand axe.
You block the centaur zombie's attack.
You see here a +0 hand axe.
The orc priest calls down the wrath of Beogh upon you.
Beogh smites you!
* * * LOW HITPOINT WARNING * * *
Unknown command.
You block the centaur zombie's attack. You block the centaur zombie's attack.
You block the centaur zombie's attack.
The orc priest calls down the wrath of Beogh upon you.
Beogh smites you!
* * * LOW HITPOINT WARNING * * *
You block the centaur zombie's attack.
The orc priest mumbles some strange prayers to Beogh against you.
Beogh smites you!
You die...

##### #.... ....# #.... ....#
####### #.... ....# #.....#
#.... ....######.....# #....
....[.....)....###########
#..D.
....######...............#
##....
.##..#####....<..........#
#.....
.###.##........#@........#
#.####
...()...##.....#.....##### #.#
.###....##.....#Z###...# #.#
.# ####.########.##..#.# #{#
.## ##.....#........##.### #{#
..###.............####...###D#
...#............og.# ###..##.#
................o..# ##..#.###
...#...........Y...# ##.....#*


You could see an orc priest, a gnoll, an orc and a centaur zombie.

Vanquished Creatures
  Harold (D:10)
  A hydra (D:9)
  2 two-headed ogres
  An orc high priest (Bailey)
  Pikel (D:9)
  2 orc knights (Bailey)
  An ugly thing (D:11)
  2 centaur zombies (D:10)
  Psyche (D:9)
  Joseph (D:10)
  2 gargoyles (D:10)
  3 centaur skeletons (D:10)
  4 kobold demonologists
  A troll (D:10)
  2 dream sheep (D:9)
  Prince Ribbit (D:9)
  A hippogriff (D:11)
  Eustachio (D:6)
  2 hungry ghosts
  A basilisk (D:11)
  A steam dragon (D:10)
  13 yaks
  3 porcupines (D:8)
  Duvessa (D:4)
  3 black bears
  4 sky beasts
  13 orc warriors
  An ice beast (D:9)
  2 phantoms
  An eye of draining (D:11)
  4 slaves (D:9)
  5 ogres
  6 necrophages
  4 centaurs
  8 big kobolds
  3 bullfrogs (D:8)
  Dowan (D:4)
  3 scorpions
  15 killer bees
  3 electric eels (Bailey)
  5 bullfrog zombies
  5 crimson imps
  A quasit (D:9)
  9 hounds
  6 orc priests
  Crazy Yiuf (D:4)
  A gnoll shaman (D:9)
  A jelly (D:8)
  12 orc wizards
  2 iguanas
  4 worker ants
  Robin (D:2)
  4 worker ant zombies
  10 adders
  11 gnolls
  2 shadow imps
  2 oozes
  4 adder zombies
  6 worms
  2 dart slugs (D:1)
  9 leopard geckos
  41 orcs
  13 bats
  9 giant cockroaches
  33 goblins
  22 hobgoblins
  6 jackals (D:3)
  28 kobolds
  8 quokkas
  4 ball pythons
  4 frilled lizards
  A leopard gecko skeleton (D:4)
  A quokka skeleton (D:6)
  A quokka zombie (D:7)
  9 rats
  A fungus (D:4)
404 creatures vanquished.

Vanquished Creatures (others)
  A centaur (D:11)
  2 orcs
  2 kobolds
  A bush (D:9)
  23 fungi (D:8)
  8 plants
37 creatures vanquished.

Grand Total: 441 creatures vanquished

Notes
Turn   | Place    | Note
-------+----------+-------------------------------------------
     0 | D:1      | deorigin the Formicid Fighter began the quest for the Orb.
     0 | D:1      | Reached XP level 1. HP: 18/18 MP: 1/1
    48 | D:1      | Reached XP level 2. HP: 24/24 MP: 2/2
   213 | D:1      | Reached XP level 3. HP: 29/29 MP: 3/3
   782 | D:2      | Reached XP level 4. HP: 31/37 MP: 4/4
  1032 | D:2      | Reached skill level 3 in Long Blades
  1067 | D:2      | Noticed Robin
  1096 | D:2      | Killed Robin
  1223 | D:2      | Found a glowing golden altar of the Shining One.
  1240 | D:2      | Became a worshipper of the Shining One
  1260 | D:2      | Reached XP level 5. HP: 42/42 MP: 5/5
  1376 | D:2      | Reached skill level 4 in Long Blades
  2390 | D:3      | Reached XP level 6. HP: 48/48 MP: 6/6
  2527 | D:4      | Reached skill level 5 in Long Blades
  2541 | D:4      | Noticed Dowan
  2964 | D:4      | Killed Dowan
  2964 | D:4      | Reached skill level 6 in Long Blades
  2964 | D:4      | Reached XP level 7. HP: 49/53 MP: 7/7
  2993 | D:4      | Noticed Duvessa
  3013 | D:4      | Killed Duvessa
  3155 | D:4      | Found a glowing drain.
  3159 | Sewer    | Entered a sewer
  3316 | Sewer    | Reached skill level 7 in Long Blades
  3434 | Sewer    | Reached * piety under the Shining One
  3753 | D:4      | Found a staircase to the Ecumenical Temple.
  4136 | D:5      | Entered Level 5 of the Dungeon
  4166 | D:5      | Found a white marble altar of Elyvilon.
  4201 | D:5      | Reached XP level 8. HP: 59/60 MP: 8/8
  4210 | D:5      | Reached skill level 8 in Long Blades
  4498 | D:5      | Found a shattered altar of Ashenzari.
  4545 | D:5      | Found a hide-covered altar of Uskayaw.
  4698 | D:5      | Reached skill level 9 in Long Blades
  4744 | D:5      | Found an ornate altar of the Wu Jian Council.
  5005 | D:5      | Found a burning altar of Makhleb.
  5115 | D:6      | Noticed Eustachio
  5127 | D:6      | Killed Eustachio
  5127 | D:6      | Reached skill level 10 in Long Blades
  5175 | D:6      | Found a shadowy altar of Dithmenos.
  5339 | D:4      | Found a runed translucent door.
  5340 | D:4      | Noticed Crazy Yiuf
  5340 | D:4      | Reached ** piety under the Shining One
  5345 | D:4      | Killed Crazy Yiuf
  5345 | D:4      | Reached XP level 9. HP: 65/65 MP: 9/9
  5419 | D:5      | Reached skill level 5 in Shields
  6343 | D:7      | Reached skill level 5 in Fighting
  7686 | D:8      | Reached XP level 10. HP: 77/77 MP: 10/10
  7811 | D:8      | Found a staircase to the Lair.
  7951 | Temple   | Entered the Ecumenical Temple
  8003 | Temple   | Fell from the grace of the Shining One
  8003 | Temple   | Became a worshipper of Zin the Law-Giver
  8003 | Temple   | Reached * piety under Zin
  8140 | D:7      | Donated 103 gold pieces to Zin
  8141 | D:7      | Donated 52 gold pieces to Zin
  8142 | D:7      | Donated 26 gold pieces to Zin
  8461 | D:8      | Reached skill level 10 in Shields
  8998 | D:9      | Reached skill level 1 in Invocations
  9132 | D:9      | Reached ** piety under Zin
  9383 | D:9      | Found a staircase to the Orcish Mines.
  9542 | D:9      | Noticed Psyche
  9554 | D:9      | Killed Psyche
  9627 | D:9      | Reached skill level 11 in Long Blades
  9745 | D:9      | Reached XP level 11. HP: 81/86 MP: 12/12
  9804 | D:9      | Reached skill level 12 in Long Blades
  9893 | D:9      | Noticed a three-headed hydra
  9907 | D:9      | Killed a three-headed hydra
 10214 | D:9      | Found a blossoming altar of Fedhas.
 10303 | D:9      | Reached skill level 13 in Long Blades
 10419 | D:9      | Found a snail-covered altar of Cheibriados.
 10419 | D:9      | Noticed Prince Ribbit
 10419 | D:9      | Noticed Pikel
 10466 | D:9      | Killed Prince Ribbit
 10516 | D:9      | Killed Pikel
 10974 | D:10     | Entered Level 10 of the Dungeon
 11703 | D:10     | Reached skill level 14 in Long Blades
 11706 | D:10     | You fall through a shaft for 2 floors!
 11729 | D:12     | Reached *** piety under Zin
 11855 | D:11     | Reached XP level 12. HP: 86/94 MP: 8/14
 12134 | D:11     | Found a flagged portal.
 12185 | Bailey   | Entered a bailey
 12211 | Bailey   | Reached skill level 5 in Invocations
 12529 | Bailey   | Noticed an orc high priest
 12548 | Bailey   | Noticed a sixfirhy
 12555 | Bailey   | Noticed a sun demon
 12581 | Bailey   | Killed an orc high priest
 12584 | Bailey   | Gained mutation: You occasionally shout uncontrollably at
                  | your foes. [a neqoxec]
 12599 | Bailey   | Noticed a sun demon
 12858 | Bailey   | Found an iron altar of Okawaru.
 13547 | Bailey   | Identified Sif Muna's Reference Book on the Dislocated
                  | Mountains
 13941 | Bailey   | Reached skill level 10 in Fighting
 14447 | D:11     | Reached skill level 5 in Armour
 14455 | D:11     | Noticed a seven-headed hydra
 14585 | D:10     | Reached **** piety under Zin
 14742 | D:10     | Noticed a two-headed ogre
 14863 | D:10     | Noticed Harold
 14887 | D:10     | Killed Harold
 14931 | D:10     | Killed a two-headed ogre
 15128 | D:10     | Noticed Joseph
 15142 | D:10     | Killed Joseph
 15641 | D:11     | Noticed a two-headed ogre
 15652 | D:11     | Killed a two-headed ogre
 15652 | D:11     | Reached XP level 13. HP: 30/103 MP: 14/17
 16069 | D:11     | Killed from afar by an orc priest

Skill      XL: |  1  2  3  4  5  6  7  8  9 10 11 12 |
---------------+-------------------------------------+-----
Shields        | 4 8 10 | 10.3
Long Blades    | 3 4 6 7 10 11 14 | 14.0
Fighting       | 6 8 10 | 10.0
Invocations    | 2 3 6 |  6.2
Armour         | 9 |  9.1
Dodging        | |  0.1

Action                   |  1- 3 |  4- 6 |  7- 9 | 10-12 | 13-15 || total
-------------------------+-------+-------+-------+-------+-------++-------
Melee: Long sword        |    88 |   297 |   398 |  1202 |    12 ||  1997
       Dagger            |       |       |       |    13 |       ||    13
       Triple sword      |       |       |       |    29 |     9 ||    38
 Fire: Blowgun           |       |       |       |     9 |       ||     9
Throw: Tomahawk          |       |       |       |     7 |       ||     7
Invok: Donate Gold       |       |       |       |     3 |       ||     3
       Vitalisation      |       |       |       |     3 |       ||     3
       Recite            |       |       |       |     2 |       ||     2
 Abil: Dig               |       |     8 |       |     2 |     2 ||    12
  Use: Scroll            |       |     9 |     5 |     9 |       ||    23
       Potion            |       |       |     2 |     5 |       ||     7
 Stab: Confused          |       |       |       |     1 |       ||     1
  Eat: Chunk             |       |     9 |    13 |     8 |       ||    30
       Ration            |       |       |     2 |     6 |       ||     8
Armor: Scale mail        |    24 |    49 |       |       |       ||    73
       Chain mail        |       |    48 |   166 |   240 |    14 ||   468
       Skin              |       |       |       |     8 |       ||     8
Dodge: Dodged            |    10 |    70 |    88 |   182 |       ||   350
Block: Shield            |    58 |   244 |   229 |   772 |    33 ||  1336
       Reflection        |       |     4 |    18 |    18 |       ||    40
       Buckler           |       |       |    45 |       |       ||    45
       Rpst.: Long sword |     5 |    18 |    23 |    55 |       ||   101
       Triple sword      |       |       |       |     3 |       ||     3
